[Event "January 2 Early 2024"]
[Site "https://www.chess.com"]
[Date "2024.01.02"]
[Round "11"]
[White "RaneshRatnesan"]
[Black "Zhuk, Valeriy"]
[Result "1-0"]
[Board "118"]
[TimeControl "180+1"]
[BlackFideId "24151254"]
[WhiteElo "2261"]
[BlackElo "2393"]
[BlackTeam "RUS"]
[WhiteClock "0:00:03"]
[BlackClock "0:00:00"]

1. d4 Nf6 2. c4 e6 3. Nc3 Bb4 4. a3 Bxc3+ 5. bxc3 d6 6. f3 Qe7 7. e4 e5 8. Bg5 c5 9. d5 Nbd7 10. Bd3 Kd8 11. a4 a5 12. Rb1 Kc7 13. Ne2 h6 14. Bh4 g5 15. Bf2 Nb6 16. Qb3 Ra6 17. Ng3 Bd7 18. Kd2 Bxa4 19. Qa3 Bd7 20. Rb2 h5 21. Rhb1 a4 22. Be3 h4 23. Ne2 g4 24. f4 exf4 25. Bxf4 Nxe4+ 26. Kc1 Re8 27. Bxe4 Qxe4 28. Qxc5+ Kd8 29. Bxd6 Qe3+ 30. Qxe3 Rxe3 31. Bc5 Nxc4 32. Bxe3 Nxe3 33. Rxb7 Nxd5 34. Rb8+ Ke7 35. Kd2 a3 36. Ra1 Nb6 37. Nd4 a2 38. Kc2 f5 39. Kb3 f4 40. Rxa2 Rxa2 41. Kxa2 Nd5 42. Kb3 g3 43. hxg3 hxg3 44. Kc2 Bg4 45. Kd3 f3 46. gxf3 g2 47. Rb1 Bxf3 48. Nxf3 Nf4+ 49. Ke3 Nh3 50. Ng1 Ng5 51. Kf2 Kd6 52. Kxg2 Kc5 53. Nf3 Ne4 54. Rc1 Kc4 55. Ng1 Kd3 56. Kf1 Nxc3 57. Ra1 Kc2 58. Ra8 Kd3 59. Nf3 Ke4 60. Kf2 Nd1+ 61. Ke2 Nc3+ 62. Kd2 Nd5 63. Ng5+ Kf5 64. Nf7 Ke6 65. Nd8+ Kd7 66. Kd3 Nb6 67. Rb8 Nc8 68. Nf7 Kc7 69. Rb4 Kd7 70. Ne5+ Ke6 71. Nf3 Nd6 72. Rb6 Kd5 73. Nd4 Kc5 74. Rc6+ Kd5 75. Ra6 Kc5 76. Ra5+ Kb6 77. Rh5 Nc8 78. Kc4 Kc7 79. Kc5 Kd7 80. Rh7+ Ke8 81. Nf5 Kd8 82. Kc6 1-0

[Event "January 2 Early 2024"]
[Site "https://www.chess.com"]
[Date "2024.01.02"]
[Round "11"]
[White "Merikard"]
[Black "Skibbe, Willi"]
[Result "0-1"]
[Board "119"]
[TimeControl "180+1"]
[BlackFideId "4682190"]
[WhiteElo "2250"]
[BlackElo "2390"]
[BlackTeam "GER"]
[WhiteClock "0:00:32"]
[BlackClock "0:00:19"]

1. d4 f5 2. Bg5 c6 3. e3 Qb6 4. Qc1 h6 5. Bh4 g5 6. Bg3 d6 7. h3 Nf6 8. Nd2 Bg7 9. Bc4 Ne4 10. Nxe4 fxe4 11. c3 d5 12. Bb3 Bf5 13. Ne2 e6 14. c4 Nd7 15. Nc3 O-O 16. O-O h5 17. Qd1 h4 18. Bd6 Rf7 19. c5 Qd8 20. Bc2 Nf6 21. f3 exf3 22. Rxf3 g4 23. Rf4 Bxc2 24. Qxc2 gxh3 25. gxh3 Nh5 26. Rg4 Rf5 27. e4 Rg5 28. e5 Rxg4+ 29. hxg4 Qg5 30. Qg2 Nf4 31. Qf3 Bh6 32. Rf1 Rd8 33. Kh1 Rd7 34. Ne2 Rf7 35. b4 Kh8 36. Ng1 Kh7 37. Nh3 Qg6 38. g5 Bxg5 39. Rg1 Nxh3 40. Qxh3 Qe4+ 41. Qg2 Qxg2+ 42. Rxg2 Kh6 43. Kh2 Kh5 44. Kh3 a6 45. a4 Rf3+ 46. Kh2 Bf4+ 47. Kg1 Rg3 48. b5 Kg4 49. bxc6 bxc6 50. a5 h3 51. Rxg3+ Kxg3 52. Kh1 Be3 53. Be7 Bxd4 54. Bd6 Kf3 55. Be7 Kg4 56. Bd6 Kf5 57. Kh2 Bxe5+ 58. Kxh3 Bc3 59. Bc7 e5 60. Bb6 d4 61. Kg3 d3 62. Kf3 e4+ 63. Ke3 Bf6 64. Kd2 Bg5+ 65. Kd1 Ke5 66. Bc7+ Kd5 67. Bf4 Bxf4 0-1

[Event "January 2 Early 2024"]
[Site "https://www.chess.com"]
[Date "2024.01.02"]
[Round "11"]
[White "Samaganova, Aleksandra"]
[Black "Biriukov, Ilja"]
[Result "0-1"]
[Board "120"]
[TimeControl "180+1"]
[WhiteFideId "13800221"]
[BlackFideId "4113373"]
[WhiteElo "2388"]
[BlackElo "2221"]
[WhiteTeam "KGZ"]
[BlackTeam "RUS"]
[WhiteClock "0:00:00"]
[BlackClock "0:00:31"]

1. c4 e5 2. Nc3 f5 3. g3 Nf6 4. Bg2 Bc5 5. e3 Nc6 6. Nge2 e4 7. d4 exd3 8. Qxd3 d6 9. b3 O-O 10. O-O Bd7 11. Bb2 Ne5 12. Qc2 c6 13. Rad1 Qc7 14. Na4 Rae8 15. Nxc5 dxc5 16. h3 Ne4 17. Nc3 Nxc3 18. Qxc3 Rf7 19. Rd2 Bc8 20. Rfd1 b5 21. cxb5 cxb5 22. Rc1 c4 23. bxc4 bxc4 24. Ba3 Nd3 25. Rxd3 cxd3 26. Qxc7 Rxc7 27. Rxc7 d2 28. Bf3 f4 29. gxf4 Bxh3 30. Bb2 h5 31. Rxg7+ Kf8 32. Rb7 Bg4 33. Ba3+ Kg8 34. Bd5+ Kh8 35. Rb1 d1=Q+ 36. Rxd1 Bxd1 37. Bb2+ Kh7 38. f5 Rd8 39. e4 Bf3 0-1

[Event "January 2 Early 2024"]
[Site "https://www.chess.com"]
[Date "2024.01.02"]
[Round "11"]
[White "Kohler, Aran"]
[Black "Andersson, Bjorn 1960"]
[Result "1-0"]
[Board "121"]
[TimeControl "180+1"]
[WhiteFideId "1002856"]
[BlackFideId "1700545"]
[WhiteElo "2233"]
[BlackElo "2377"]
[WhiteTeam "NED"]
[BlackTeam "SWE"]
[WhiteClock "0:00:11"]
[BlackClock "0:00:07"]

1. Nf3 Nf6 2. d4 d5 3. Bg5 e6 4. e3 Be7 5. Nbd2 O-O 6. Bd3 c5 7. c3 Nc6 8. h4 Re8 9. Ne5 cxd4 10. exd4 Nxe5 11. dxe5 Nd7 12. Qh5 g6 13. Bxe7 Qxe7 14. Qe2 Nc5 15. Bc2 b6 16. f4 Ba6 17. Qf3 Rac8 18. h5 Kg7 19. h6+ Kg8 20. Qe3 Red8 21. Nf3 b5 22. O-O-O b4 23. cxb4 Ne4 24. Rd4 Ng3 25. Rh3 Nf5 26. Qd2 Nxd4 27. Nxd4 Rc4 28. b5 Bb7 29. Kb1 Qc5 30. Rd3 Rc8 31. g4 a6 32. f5 axb5 33. fxe6 fxe6 34. a3 Qb6 35. Bb3 Rf8 36. Ka2 Ba6 37. Nxe6 Qxe6 38. Rxd5 Qf7 39. Rd7 Qe6 40. Rd6 Qc8 41. Qd5+ Kh8 42. Rd7 Rc7 43. Rd6 Bb7 44. Qd4 Rc4 45. Bxc4 Qxc4+ 46. Qxc4 bxc4 47. e6 Bc8 48. e7 Re8 49. Rd8 Bd7 50. Rxd7 Kg8 51. Rc7 Kf7 52. a4 Rxe7 53. Rxe7+ Kxe7 54. Ka3 Kd6 55. Kb4 1-0

[Event "January 2 Early 2024"]
[Site "https://www.chess.com"]
[Date "2024.01.02"]
[Round "11"]
[White "Thiel, Thomas"]
[Black "Legenia, Artem"]
[Result "1/2-1/2"]
[Board "122"]
[TimeControl "180+1"]
[WhiteFideId "4615964"]
[BlackFideId "14136945"]
[WhiteElo "2199"]
[BlackElo "2376"]
[WhiteTeam "GER"]
[BlackTeam "UKR"]
[WhiteClock "0:00:27"]
[BlackClock "0:00:05"]

1. e4 c5 2. Nc3 Nc6 3. Bb5 Nd4 4. Bc4 g6 5. Nf3 Bg7 6. Nxd4 cxd4 7. Qf3 e6 8. Nb5 d6 9. Qa3 Bf8 10. Nxd4 d5 11. Bb5+ Bd7 12. Bxd7+ Qxd7 13. Qd3 O-O-O 14. Nb5 a6 15. Nc3 d4 16. Ne2 e5 17. O-O f5 18. f4 exf4 19. Nxf4 Nf6 20. exf5 gxf5 21. Qf3 Bd6 22. Nd3 Rhf8 23. Qxf5 Qxf5 24. Rxf5 Ng4 25. Rxf8 Rxf8 26. g3 Re8 27. Kf1 Nxh2+ 28. Kg2 Re2+ 29. Kh3 h5 30. Kh4 Nf1 31. Kxh5 Nxg3+ 32. Kg4 Nf1 33. Kf3 Rh2 34. Ke4 Nxd2+ 35. Kd5 Bc7 36. Bxd2 Rxd2 37. Rf1 Rxc2 38. Rf2 Rxf2 39. Nxf2 Bb6 40. Ne4 Kd7 1/2-1/2

[Event "January 2 Early 2024"]
[Site "https://www.chess.com"]
[Date "2024.01.02"]
[Round "11"]
[White "Quirke, Jeffrey"]
[Black "Marchesich, Giovanni"]
[Result "0-1"]
[Board "123"]
[TimeControl "180+1"]
[WhiteFideId "2013029"]
[BlackFideId "2824790"]
[WhiteElo "2081"]
[BlackElo "2366"]
[WhiteTeam "USA"]
[BlackTeam "ITA"]
[WhiteClock "0:00:11"]
[BlackClock "0:00:31"]

1. e4 f6 2. d4 g6 3. h4 Nh6 4. Nc3 Bg7 5. Bd3 O-O 6. Nge2 d6 7. f3 e5 8. Be3 Nc6 9. d5 Ne7 10. g4 f5 11. gxf5 gxf5 12. Qd2 f4 13. Bf2 a6 14. O-O-O b5 15. Rdg1 Kh8 16. Nd1 Bd7 17. Qa5 c5 18. Qxd8 Raxd8 19. c3 Be8 20. Rg2 Bh5 21. Ng1 Rg8 22. Rhh2 Bf6 23. Kd2 Rxg2 24. Rxg2 Ng6 25. Rh2 Rg8 26. Be2 Ne7 27. Nh3 Nc8 28. b3 Nb6 29. Nb2 Nd7 30. a4 bxa4 31. Nxa4 Rb8 32. Kc2 Nb6 33. Nxb6 Rxb6 34. b4 Be7 35. bxc5 dxc5 36. Rh1 Be8 37. Ra1 Bb5 38. c4 Bd7 39. Ng5 Kg7 40. Kc3 Nf7 41. Nxf7 Kxf7 42. Bd1 Rh6 43. Ba4 Bc8 44. Bc6 Rg6 45. Rb1 Rg2 46. Rb2 Rh2 47. Bxc5 Rxb2 48. Bxe7 Rf2 49. d6 Rxf3+ 50. Kb4 Rd3 51. c5 f3 52. Bd5+ Rxd5 53. exd5 f2 54. c6 f1=Q 55. d7 Qb5+ 56. Kc3 Bxd7 0-1

[Event "January 2 Early 2024"]
[Site "https://www.chess.com"]
[Date "2024.01.02"]
[Round "11"]
[White "Espinoza Villanueva, Rodrigo"]
[Black "Nikulina, Alena"]
[Result "1-0"]
[Board "124"]
[TimeControl "180+1"]
[WhiteFideId "5140188"]
[BlackFideId "4172051"]
[WhiteElo "2639"]
[BlackElo "2112"]
[WhiteTeam "MEX"]
[BlackTeam "RUS"]
[WhiteClock "0:01:13"]
[BlackClock "0:00:20"]

1. e4 c5 2. Nf3 e6 3. b3 Nc6 4. Bb2 Nf6 5. e5 Nd5 6. g3 d6 7. exd6 Qxd6 8. Bg2 Bd7 9. O-O Nf6 10. Na3 a6 11. Nc4 Qc7 12. a4 b6 13. Nfe5 Bd6 14. Re1 O-O 15. Nxd6 Qxd6 16. Nc4 Qc7 17. Bxf6 gxf6 18. Qh5 Rad8 19. Re4 Rfe8 20. Qh6 Ne7 21. Rh4 Ng6 22. Qxh7+ Kf8 23. Qh6+ Ke7 24. Re4 Bc6 25. Re2 Bxg2 26. Kxg2 b5 27. axb5 axb5 28. Ne3 Rh8 29. Nf5+ Ke8 30. Rxe6+ fxe6 31. Qxg6+ Kd7 32. Qg7+ Kc6 33. Ra6+ Kb7 34. Ra7+ Kxa7 35. Qxc7+ Ka6 36. Nd6 Rb8 37. Qxc5 Rb6 38. Qa3# 1-0

[Event "January 2 Early 2024"]
[Site "https://www.chess.com"]
[Date "2024.01.02"]
[Round "11"]
[White "Pogorelskikh, Sofia"]
[Black "Musalov, Ruslan"]
[Result "0-1"]
[Board "125"]
[TimeControl "180+1"]
[WhiteFideId "44164548"]
[BlackFideId "4141490"]
[WhiteElo "2291"]
[BlackElo "2421"]
[WhiteTeam "SRB"]
[BlackTeam "RUS"]
[WhiteClock "0:00:00"]
[BlackClock "0:01:12"]

1. e4 g6 2. d4 Bg7 3. Be3 d6 4. Bd3 Nf6 5. f3 O-O 6. Ne2 e5 7. c3 Nbd7 8. Nd2 c6 9. O-O Qe7 10. Qc2 b5 11. a4 bxa4 12. Rxa4 Bb7 13. Rfa1 exd4 14. cxd4 Qd8 15. Rxa7 Rxa7 16. Rxa7 Qb6 17. Ra3 d5 18. e5 Nxe5 19. Rb3 Qa7 20. Rxb7 Qxb7 21. dxe5 Nd7 22. f4 Rc8 23. Nb3 Bf8 24. e6 fxe6 25. Nbd4 Bc5 26. Bxg6 Qb4 27. Bxh7+ Kh8 28. Bf2 Qc4 29. Qxc4 dxc4 30. Be4 Rb8 31. Nxe6 Rxb2 32. Bxc5 Rxe2 33. Bf3 Rxe6 34. Bd4+ Kg8 35. Kf2 Nf6 36. Be5 Nd5 37. Be2 c3 38. Ke1 Re8 39. Kd1 Ra8 0-1

[Event "January 2 Early 2024"]
[Site "https://www.chess.com"]
[Date "2024.01.02"]
[Round "11"]
[White "Martin, Lewis"]
[Black "Blanco Diez, David"]
[Result "0-1"]
[Board "126"]
[TimeControl "180+1"]
[WhiteFideId "410551"]
[BlackFideId "32032927"]
[WhiteElo "2291"]
[BlackElo "2411"]
[WhiteTeam "ENG"]
[BlackTeam "ESP"]
[WhiteClock "0:00:46"]
[BlackClock "0:00:24"]

1. c4 Nf6 2. g3 g6 3. Bg2 Bg7 4. Nf3 O-O 5. O-O c5 6. Nc3 d5 7. cxd5 Nxd5 8. Qb3 e6 9. Rd1 Nc6 10. e4 Nb6 11. d3 e5 12. Be3 Be6 13. Qa3 c4 14. d4 exd4 15. e5 d3 16. Bc5 Re8 17. Bd6 Bg4 18. Re1 Qd7 19. Rad1 Bxf3 20. Bxf3 Nd4 21. Bg2 Nc2 22. Qa5 Nxe1 23. Rxe1 Qxd6 24. exd6 Rxe1+ 25. Bf1 d2 0-1

[Event "January 2 Early 2024"]
[Site "https://www.chess.com"]
[Date "2024.01.02"]
[Round "11"]
[White "Khromkin, Andrey"]
[Black "Rodriguez Avila, Alvaro"]
[Result "0-1"]
[Board "127"]
[TimeControl "180+1"]
[WhiteFideId "4154126"]
[BlackFideId "24570249"]
[WhiteElo "2386"]
[BlackElo "2276"]
[WhiteTeam "RUS"]
[BlackTeam "ESP"]
[WhiteClock "0:00:00"]
[BlackClock "0:00:37"]

1. d4 Nf6 2. c4 Nc6 3. Nf3 e6 4. g3 Bb4+ 5. Bd2 Bxd2+ 6. Qxd2 O-O 7. Nc3 d6 8. Bg2 e5 9. O-O Bg4 10. dxe5 dxe5 11. Qe3 Re8 12. Rad1 Qc8 13. Nd5 Nxd5 14. cxd5 Nd4 15. Rfe1 Bxf3 16. exf3 Nc2 17. Qc3 Nxe1 18. Rxe1 f6 19. h4 Qd7 20. Qb3 Qd6 21. Kh2 Kh8 22. Bh3 Red8 23. Rc1 Qxd5 24. Qxd5 Rxd5 25. Rxc7 Rb5 26. b3 a5 27. h5 e4 28. fxe4 Rxh5 29. Kg2 b6 30. Kh2 Re5 31. f3 Rb8 32. Bd7 Re7 33. e5 fxe5 34. Rc8+ Rxc8 35. Bxc8 g6 36. Kh3 Rc7 37. Be6 Kg7 38. a4 Kf6 39. Bd5 Rd7 40. Be4 Rd2 41. Kg4 h5+ 42. Kh3 Rb2 43. f4 exf4 44. gxf4 Rxb3+ 45. Kh4 Rb4 46. Bg2 Rxf4+ 47. Kg3 Rxa4 48. Bc6 Rd4 49. Be8 h4+ 50. Kf3 g5 51. Kg2 Ke5 52. Kf2 Kf4 53. Ke2 h3 54. Bc6 h2 55. Kf2 Rd2+ 56. Ke1 Ke3 57. Bh1 g4 58. Bc6 g3 0-1

[Event "January 2 Early 2024"]
[Site "https://www.chess.com"]
[Date "2024.01.02"]
[Round "11"]
[White "Rios Escobar, Adan"]
[Black "Monpeurt, Cyrielle"]
[Result "1-0"]
[Board "128"]
[TimeControl "180+1"]
[WhiteFideId "3403645"]
[BlackFideId "677400"]
[WhiteElo "2372"]
[BlackElo "2282"]
[WhiteTeam "CHI"]
[BlackTeam "FRA"]
[WhiteClock "0:01:26"]
[BlackClock "0:00:34"]

1. d4 Nf6 2. g3 c5 3. d5 e6 4. c4 exd5 5. cxd5 d6 6. Nc3 g6 7. Nf3 Bg7 8. Bg2 O-O 9. O-O a6 10. a4 Re8 11. Re1 Nbd7 12. h3 Rb8 13. Bf4 Ne5 14. Nxe5 dxe5 15. Bg5 h6 16. Bd2 b5 17. axb5 axb5 18. e4 Re7 19. Bf1 b4 20. Nb5 Reb7 21. Na7 Bd7 22. Qc1 Qc7 23. Nc6 Bxc6 24. dxc6 Qxc6 25. Bxh6 Rd8 26. Bg5 Rd4 27. Ra6 Rb6 28. Rxb6 Qxb6 29. Bxf6 Bxf6 30. Bc4 Qa5 31. b3 Kg7 32. Bd5 Qa2 33. Qxc5 Qd2 34. Rf1 Rd3 35. Qc7 Rc3 36. Qxf7+ Kh6 37. Qxf6 1-0

[Event "January 2 Early 2024"]
[Site "https://www.chess.com"]
[Date "2024.01.02"]
[Round "11"]
[White "Slavin, Alexey"]
[Black "Kleibel, Uwe"]
[Result "0-1"]
[Board "129"]
[TimeControl "180+1"]
[WhiteFideId "24104388"]
[BlackFideId "1270982"]
[WhiteElo "2254"]
[BlackElo "2350"]
[WhiteTeam "RUS"]
[BlackTeam "GER"]
[WhiteClock "0:00:00"]
[BlackClock "0:00:03"]

1. e4 e5 2. Nf3 Nc6 3. c3 Nf6 4. d4 Nxe4 5. d5 Bc5 6. dxc6 Bxf2+ 7. Ke2 Bb6 8. Qd5 Nf2 9. cxb7 Bxb7 10. Qxb7 O-O 11. Bg5 f6 12. Qd5+ Kh8 13. Be3 Nxh1 14. Bxb6 axb6 15. Nbd2 Ra5 16. Qb3 d5 17. g3 c5 18. Bg2 e4 19. Nh4 Nxg3+ 20. hxg3 Qd6 21. Nf5 Qe5 22. Qxb6 Raa8 23. g4 g6 24. Ne3 d4 25. Nec4 d3+ 26. Kf2 Qf4+ 27. Kg1 e3 28. Bxa8 exd2 29. Qd6 Qxg4+ 30. Kf2 Qe2+ 31. Kg3 Qe1+ 32. Kf3 d1=Q+ 33. Rxd1 Qxd1+ 34. Kg3 Qe1+ 35. Kh3 Kg7 36. Qxd3 Qe6+ 37. Kg3 Rxa8 38. b3 Re8 39. a4 h5 40. a5 Qg4+ 41. Kf2 Qf4+ 42. Qf3 Qxf3+ 43. Kxf3 g5 44. b4 Kg6 45. b5 g4+ 46. Kf4 f5 47. a6 Re4+ 48. Kg3 Kg5 49. b6 h4+ 50. Kf2 g3+ 51. Kf3 Rf4+ 52. Kg2 Rf2+ 53. Kg1 h3 54. Ne3 h2+ 55. Kh1 Re2 56. Nf1 g2+ 0-1

[Event "January 2 Early 2024"]
[Site "https://www.chess.com"]
[Date "2024.01.02"]
[Round "11"]
[White "Schuh, Karsten"]
[Black "Franchini, Gabriele"]
[Result "0-1"]
[Board "130"]
[TimeControl "180+1"]
[WhiteFideId "4637950"]
[BlackFideId "806790"]
[WhiteElo "2350"]
[BlackElo "2217"]
[WhiteTeam "GER"]
[BlackTeam "ITA"]
[WhiteClock "0:00:03"]
[BlackClock "0:01:14"]

1. Nf3 d5 2. c4 dxc4 3. Na3 g6 4. Nxc4 Bg7 5. g3 Nf6 6. Bg2 O-O 7. O-O c5 8. d3 Nc6 9. Bg5 Qc7 10. Qd2 Be6 11. Rac1 Rac8 12. Bh6 Rfd8 13. Bxg7 Kxg7 14. Ne3 b6 15. a3 h6 16. Qc2 a5 17. Qc3 Qd7 18. Nc4 Qa7 19. Nfe5 Nd4 20. Rfe1 Bd5 21. e4 Be6 22. h3 b5 23. Ne3 a4 24. Rcd1 Nb3 25. N5g4 Nd4 26. Nxf6 exf6 27. f4 Bb3 28. Rc1 c4 29. dxc4 Rxc4 30. Nxc4 Ne2+ 31. Kh2 Nxc3 32. Rxc3 Bxc4 0-1

[Event "January 2 Early 2024"]
[Site "https://www.chess.com"]
[Date "2024.01.02"]
[Round "11"]
[White "Yushko, Olga"]
[Black "Korol, Dimitry"]
[Result "0-1"]
[Board "131"]
[TimeControl "180+1"]
[WhiteFideId "14114500"]
[BlackFideId "14108003"]
[WhiteElo "2191"]
[BlackElo "2318"]
[WhiteTeam "UKR"]
[BlackTeam "UKR"]
[WhiteClock "0:00:00"]
[BlackClock "0:00:14"]

1. d4 Nf6 2. c4 c5 3. d5 b5 4. cxb5 a6 5. b6 d6 6. Nc3 Nbd7 7. e4 g6 8. Nf3 Bg7 9. h3 O-O 10. Bd3 Nxb6 11. O-O e6 12. dxe6 Bxe6 13. Bf4 d5 14. exd5 Nfxd5 15. Nxd5 Nxd5 16. Bg5 Qb6 17. Rb1 h6 18. Bh4 Nf4 19. Be4 Rac8 20. b3 Qb4 21. Qc2 Rfe8 22. Bg3 Nd5 23. Bxd5 Bxd5 24. Rfe1 Be4 25. Rxe4 Qxe4 26. Qc1 Qd3 27. Ne1 Qe2 28. Nf3 Qxa2 29. Bf4 Kh7 30. Bd6 c4 31. bxc4 Rxc4 32. Qf1 Rc2 33. Rd1 Rd8 0-1

[Event "January 2 Early 2024"]
[Site "https://www.chess.com"]
[Date "2024.01.02"]
[Round "11"]
[White "th3d4rkness"]
[Black "Munoz Sanchez, Miguel"]
[Result "0-1"]
[Board "132"]
[TimeControl "180+1"]
[BlackFideId "3600734"]
[WhiteElo "2154"]
[BlackElo "2306"]
[BlackTeam "ECU"]
[WhiteClock "0:00:00"]
[BlackClock "0:00:02"]

1. d4 Nf6 2. c4 e6 3. Nf3 Bb4+ 4. Bd2 Be7 5. g3 c5 6. Bg2 cxd4 7. Nxd4 d6 8. O-O a6 9. Nc3 Qc7 10. b3 Nbd7 11. Rc1 Qb8 12. e4 Ra7 13. Be3 b6 14. Nc6 Qc7 15. Nxa7 Qxa7 16. h3 Qc7 17. f4 Bb7 18. g4 Nc5 19. Bxc5 bxc5 20. g5 Nd7 21. h4 Bc6 22. Qe2 g6 23. f5 Ne5 24. fxe6 fxe6 25. Bh3 Bd7 26. Rf2 h6 27. gxh6 Rxh6 28. Rh2 Rxh4 29. Bg2 Rxh2 30. Kxh2 d5 31. Kg1 d4 32. Nb1 d3 33. Qe3 Ng4 34. Qh3 Bg5 35. Rf1 Be3+ 36. Kh1 Nf2+ 37. Rxf2 Bxf2 38. Qh8+ Ke7 39. Qg7+ Kd6 40. Qf8+ Kc6 41. Qxf2 Kb6 42. Nd2 Qe5 43. Qe3 Bc6 44. Kg1 Qa1+ 45. Kf2 Qf6+ 46. Qf3 Qd4+ 47. Qe3 Qf6+ 48. Qf3 Qc3 49. Qe3 Qc2 50. Bf1 Qxa2 51. Bxd3 Qb2 52. Ke2 e5 53. Qg5 Qc3 54. Qxg6 a5 55. Qd6 Qd4 56. Qxd4 cxd4 57. Nf3 a4 58. bxa4 Bxa4 59. Nxe5 Kc5 60. Kd2 Be8 61. Bc2 Bh5 62. Kd3 Be8 63. Bd1 Kd6 64. Nf3 Bh5 65. Be2 Kc5 66. Ng1 Bf7 67. Bg4 Bxc4+ 68. Kd2 Kd6 69. Nf3 Kc5 70. e5 Bd5 71. Ng5 Kc6 0-1

[Event "January 2 Early 2024"]
[Site "https://www.chess.com"]
[Date "2024.01.02"]
[Round "11"]
[White "Hartikainen, Jarmo"]
[Black "Mendez Fortes, Eduardo Jesus"]
[Result "1-0"]
[Board "133"]
[TimeControl "180+1"]
[WhiteFideId "503134"]
[BlackFideId "3502376"]
[WhiteElo "2159"]
[BlackElo "2571"]
[WhiteTeam "FIN"]
[BlackTeam "CUB"]
[WhiteClock "0:02:36"]
[BlackClock "0:02:38"]

1. e4 c5 2. c3 Nf6 3. e5 Nd5 4. d4 cxd4 5. Nf3 Nc6 6. cxd4 d6 7. Nc3 Nxc3 8. bxc3 dxe5 9. d5 Nb8 10. Nxe5 Nd7 11. Bb5 a6 12. Qf3 f6 13. Qh5+ g6 14. Nxg6 Kf7 15. Ne5+ Kg7 16. Qf7# 1-0

[Event "January 2 Early 2024"]
[Site "https://www.chess.com"]
[Date "2024.01.02"]
[Round "11"]
[White "Petre, Nad-Titus"]
[Black "Eggleston, Thomas A"]
[Result "1-0"]
[Board "134"]
[TimeControl "180+1"]
[WhiteFideId "1204165"]
[BlackFideId "412139"]
[WhiteElo "2436"]
[BlackElo "2279"]
[WhiteTeam "ROU"]
[BlackTeam "ENG"]
[WhiteClock "0:01:50"]
[BlackClock "0:00:45"]

1. e4 e6 2. d3 c5 3. Nd2 Nc6 4. Ngf3 g6 5. g3 Bg7 6. Bg2 Nge7 7. h4 h6 8. O-O d5 9. exd5 exd5 10. Re1 Bg4 11. Nf1 Nd4 12. c3 Nxf3+ 13. Bxf3 Bxf3 14. Qxf3 O-O 15. Be3 Rc8 16. Rad1 d4 17. cxd4 cxd4 18. Bf4 Nc6 19. a3 Qf6 20. Nd2 Rfe8 21. Ne4 Qf5 22. Nd6 Ne5 23. Rxe5 1-0

[Event "January 2 Early 2024"]
[Site "https://www.chess.com"]
[Date "2024.01.02"]
[Round "11"]
[White "Minina, Veronika"]
[Black "Dyulgerov, Volen"]
[Result "1-0"]
[Board "135"]
[TimeControl "180+1"]
[WhiteFideId "4174780"]
[BlackFideId "2918978"]
[WhiteElo "2275"]
[BlackElo "2416"]
[WhiteTeam "RUS"]
[BlackTeam "BUL"]
[WhiteClock "0:00:16"]
[BlackClock "0:00:01"]

1. Nf3 g5 2. h4 g4 3. Nd4 c5 4. Nb3 a5 5. Nxc5 g3 6. f3 e5 7. Ne4 d5 8. Nxg3 Be7 9. Nh5 Bxh4+ 10. g3 Bg5 11. d4 Ra6 12. dxe5 Rh6 13. Nc3 Be6 14. Ng7+ Kf8 15. Rxh6 Kxg7 16. Rh1 d4 17. Ne4 Be7 18. Bf4 Nc6 19. Qd2 Qd5 20. Bh6+ Kg6 21. Bh3 Bb4 22. c3 dxc3 23. bxc3 Qxe5 24. Bxe6 Qxe6 25. Qg5# 1-0

[Event "January 2 Early 2024"]
[Site "https://www.chess.com"]
[Date "2024.01.02"]
[Round "11"]
[White "Marcziter, Dmitrii"]
[Black "Player, Edmund C"]
[Result "1-0"]
[Board "136"]
[TimeControl "180+1"]
[WhiteFideId "13900765"]
[BlackFideId "406520"]
[WhiteElo "2365"]
[BlackElo "2271"]
[WhiteTeam "GER"]
[BlackTeam "ENG"]
[WhiteClock "0:00:07"]
[BlackClock "0:00:04"]

1. d4 Nf6 2. c4 e6 3. Nf3 Bb4+ 4. Nbd2 O-O 5. a3 Be7 6. e4 d5 7. e5 Nfd7 8. Qc2 dxc4 9. Bxc4 Nb6 10. Bd3 h6 11. h4 Bd7 12. Ne4 Bc6 13. Neg5 Bd5 14. Bh7+ Kh8 15. Bg8 g6 16. Nxf7+ Rxf7 17. Bxf7 Qf8 18. Qxg6 Qg7 19. Bxh6 Qxg6 20. Bxg6 Nc6 21. Rd1 Nc4 22. Ng5 Nxb2 23. Rd2 Bxa3 24. O-O Bc4 25. Ra1 Bb4 26. Rxb2 a5 27. Rbb1 a4 28. Bf7 Nxd4 29. Rxb4 Ne2+ 30. Kh2 b5 31. Bxe6 c5 32. Rbb1 Bd3 33. Rd1 Nf4 34. Bd7 b4 35. g3 Bc2 36. Rd6 b3 37. gxf4 b2 38. Re1 b1=Q 39. Rxb1 Bxb1 40. Ne6 a3 41. Nxc5 a2 42. Nb3 Bc2 43. Na1 Be4 44. e6 Rb8 45. e7 Bg6 46. Rxg6 Kh7 47. Re6 Rb1 48. e8=Q Rxa1 49. Qf7+ Kh8 50. Re8# 1-0

[Event "January 2 Early 2024"]
[Site "https://www.chess.com"]
[Date "2024.01.02"]
[Round "11"]
[White "Todev, Simeon"]
[Black "Cardozo Munar, Carlos Eduardo"]
[Result "1-0"]
[Board "137"]
[TimeControl "180+1"]
[WhiteFideId "2925133"]
[BlackFideId "4409477"]
[WhiteElo "2362"]
[BlackElo "2269"]
[WhiteTeam "BUL"]
[BlackTeam "COL"]
[WhiteClock "0:00:14"]
[BlackClock "0:00:04"]

1. e4 e6 2. d4 d5 3. exd5 exd5 4. Nf3 Bd6 5. Bd3 Ne7 6. O-O O-O 7. Nbd2 Nbc6 8. c4 dxc4 9. Nxc4 Bg4 10. Ne3 Bh5 11. Bxh7+ Kxh7 12. Ng5+ Kh6 13. g4 Bg6 14. Nf5+ Nxf5 15. Nxf7+ Kh7 16. Nxd8 Nfxd4 17. Nxc6 Nf3+ 18. Kg2 Be4 19. Kh3 Kg6 20. Qxd6+ cxd6 21. Ne7+ Kf7 22. Nf5 Rh8+ 23. Kg3 Rxh2 24. Nxd6+ Ke6 25. Nxe4 Rah8 26. Kxf3 Ke5 27. Bf4+ Ke6 28. Bxh2 g5 29. Nxg5+ Kd7 30. Be5 Rg8 31. Bf4 b5 32. Rfd1+ Kc6 33. Rac1+ Kb7 34. Rd7+ Kb6 35. Be3+ Ka5 36. Rxa7+ Kb4 37. Bc5# 1-0

[Event "January 2 Early 2024"]
[Site "https://www.chess.com"]
[Date "2024.01.02"]
[Round "11"]
[White "Cueto, Jonny"]
[Black "Agrest, Inna"]
[Result "0-1"]
[Board "138"]
[TimeControl "180+1"]
[WhiteFideId "3300145"]
[BlackFideId "1708830"]
[WhiteElo "2250"]
[BlackElo "2343"]
[WhiteTeam "BOL"]
[BlackTeam "SWE"]
[WhiteClock "0:00:00"]
[BlackClock "0:00:25"]

1. d4 Nf6 2. Bf4 g6 3. Nc3 d5 4. e3 Bg7 5. h4 h5 6. Be2 c6 7. Nf3 Bg4 8. Ne5 Bxe2 9. Qxe2 Nbd7 10. O-O-O Qa5 11. Kb1 Nxe5 12. Bxe5 O-O-O 13. f3 Ne8 14. Bxg7 Nxg7 15. Rd3 Rhe8 16. a3 e5 17. dxe5 Rxe5 18. Rhd1 Rde8 19. Na2 Nf5 20. e4 dxe4 21. Rd7 exf3 22. Qxf3 Re1 23. Nb4 Rxd1+ 24. Qxd1 Rd8 25. Rxd8+ Qxd8 26. Qe1 Nxh4 27. Qf2 a6 28. Qxf7 Kb8 29. Nd3 g5 30. b3 Nxg2 31. Qxh5 Nf4 32. Qf7 Nxd3 33. cxd3 Qxd3+ 34. Kc1 Qe3+ 35. Kd1 Ka7 36. Qf8 g4 37. b4 g3 38. Qg8 Qf3+ 39. Ke1 Qf2+ 40. Kd1 g2 0-1

[Event "January 2 Early 2024"]
[Site "https://www.chess.com"]
[Date "2024.01.02"]
[Round "11"]
[White "Chirivi C, Jenny Astrid"]
[Black "Pavlidou, Ekaterini"]
[Result "0-1"]
[Board "139"]
[TimeControl "180+1"]
[WhiteFideId "4403061"]
[BlackFideId "4213262"]
[WhiteElo "2231"]
[BlackElo "2327"]
[WhiteTeam "COL"]
[BlackTeam "GRE"]
[WhiteClock "0:00:00"]
[BlackClock "0:01:37"]

1. d4 f5 2. c4 Nf6 3. g3 d6 4. Bg2 g6 5. Nf3 Bg7 6. O-O O-O 7. Nc3 c6 8. Rb1 Ne4 9. Nxe4 fxe4 10. Ng5 d5 11. cxd5 cxd5 12. h4 h6 13. Nh3 Qb6 14. Be3 Nc6 15. Nf4 Rxf4 16. Bxf4 Nxd4 17. e3 e5 18. Bxh6 Bxh6 19. exd4 exd4 20. Kh2 Bf5 21. g4 Bf4+ 22. Kg1 Be6 23. b4 Qd8 24. g5 d3 25. b5 Qc7 26. a4 Bh2+ 27. Kh1 Qf4 28. f3 Qxh4 29. fxe4 Bg3+ 0-1